 Dungeon Crawl Stone Soup version 0.26-a0-712-ga5a9c9c9d0 (webtiles) character file.

Game seed: 15891123464341478029

41 ringo67 the Sneak (level 3, -2/22 HPs)
             Began as a Kobold Brigand on Oct 31, 2020.
             Slain by a kobold
             ... wielding a +0 short sword
              (3 damage)
             ... on level 2 of the Dungeon.
             The game lasted 00:01:56 (1314 turns).

ringo67 the Sneak (Kobold Brigand)                  Turns: 1314, Time: 00:01:57

Health: -2/22      AC:  3    Str:  8    XL:     3   Next: 75%
Magic:  3/3        EV: 15    Int: 12    God:
Gold:   71         SH:  0    Dex: 17    Spells: 2/2 levels left

rFire    . . .     SeeInvis .   a - +2 dagger
rCold    . . .     Faith    .   (shield restricted)
rNeg     . . .     Spirit   .   b - +0 robe
rPois    .         Reflect  .   (no helmet)
rElec    .         Harm     .   c - +0 cloak
rCorr    .         Rampage  .   (no gloves)
MR       .....                  (no boots)
Stlth    ++++......             (no amulet)
HPRegen  0.07/turn              (no ring)
MPRegen  0.08/turn              (no ring)

@: no status effects
A: small, nightstalker 3
a: no special abilities


You were on level 2 of the Dungeon.
You visited 1 branch of the dungeon, and saw 2 of its levels.

You collected 71 gold pieces.

Inventory:

Hand Weapons
 a - a +2 dagger (weapon)
Missiles
 d - 23 poisoned darts (quivered)
 e - 2 curare-tipped darts
Armour
 b - a +0 robe (worn)
 c - a +0 cloak (worn)
Scrolls
 h - a scroll of random uselessness {unknown}
 i - a scroll of remove curse {unknown}
 l - a scroll of amnesia {unknown}
Potions
 f - a potion of lignification {unknown}
 g - 2 potions of haste {unknown}
 j - a potion of degeneration {unknown}
 k - 3 potions of curing {unknown}


   Skills:
 + Level 2.8 Fighting
 + Level 3.3 Short Blades
 - Level 2.1 Throwing
 + Level 2.1 Dodging
 + Level 5.8 Stealth


You had 2 spell levels left.
You didn't know any spells.
Your spell library was empty.

Dungeon Overview and Level Annotations

Branches:
Dungeon (2/15)

Altars:
Sif Muna


Innate Abilities, Weirdness & Mutations

You are small and have problems with some larger weapons.
You are completely attuned to the shadows.


Message History

* * * LOW HITPOINT WARNING * * *
You feel sick. The adder completely misses you.
* * * LOW HITPOINT WARNING * * *
You feel sick.
You hit the adder.
The adder is almost dead.
You kill the adder!
You closely miss the kobold. The kobold closely misses you.
You closely miss the kobold.
Throwing (i - inventory. (/) - cycle)
d - 24 poisoned darts (quivered)
Press: ? - help, Shift-Dir - straight line, f - kobold
Aim: a kobold, wielding a +0 short sword You throw a poisoned dart.
The poisoned dart hits the kobold.
The kobold is poisoned.
* * * LOW HITPOINT WARNING * * *
You feel sick.
You are no longer poisoned.
The kobold hits you with a +0 short sword.
You die...

######### #.......########
# #####@.............# #
#...K.####.#######.# #
#.###.# #.# ####^###
####.###.## #.####.##....
##..#.##..)###.....#......
........._......###.######
##.#.###...##.### ###
##.#(# ##.###.# .....#
#.###.#


You could see a kobold (poisoned).

Vanquished Creatures
  An adder (D:2)
  2 leopard geckos (D:1)
  4 bats
  A giant cockroach (D:1)
  5 hobgoblins
  4 jackals (D:1)
  A frilled lizard (D:1)
  7 kobolds
  A rat (D:1)
26 creatures vanquished.

Notes
Turn   | Place    | Note
-------+----------+-------------------------------------------
     0 | D:1      | ringo67 the Kobold Brigand began the quest for the Orb.
     0 | D:1      | Reached XP level 1. HP: 12/12 MP: 1/1
   216 | D:1      | Reached XP level 2. HP: 18/18 MP: 2/2
   361 | D:1      | Reached XP level 3. HP: 11/22 MP: 3/3
  1238 | D:2      | Found a shimmering blue altar of Sif Muna.
  1314 | D:2      | HP: 1/22 [poisoned by an adder]
  1314 | D:2      | Slain by a kobold

Illustrated notes

Levels and vault maps discovered:
D:1:      lightli_arrival_chessboard, layout_basic
D:2:      layout_loops_ring, lemuel_round_altar, nicolae_overflow_crystal_walls,
          uniq_crazy_yiuf_cottage

Skill      XL: |  1  2  3 |
---------------+----------+-----
Short Blades   | 3 |  3.3
Dodging        | 2 |  2.1
Fighting       | |  2.8
Throwing       | |  2.1
Stealth        | |  5.8

Action                   || total
-------------------------++-------
Melee: Dagger            ||    81
Throw: Dart              ||     4
 Stab: Sleeping          ||    13
Armor: Robe              ||    20
Dodge: Dodged            ||    89

Table legend: (Time is in decaauts)
 A = Elapsed time spent in this place.
 B = Non-inter-level travel time spent in this place.
 C = Inter-level travel time spent in this place.
 D = Time resting spent in this place.
 E = Time spent auto-exploring this place.
 F = Levels seen in this place.
 G = Mean time per level.
                   A        B        C        D        E       F      G
               +--------+--------+--------+--------+--------+-----+--------+
         Total |   1301 |   1291 |     10 |    321 |    756 |   2 |  650.5 |
       Dungeon |   1301 |   1291 |     10 |    321 |    756 |   2 |  650.5 |
               +--------+--------+--------+--------+--------+-----+--------+

Top non-repeatable levels by time:
     D:1: 1194 daAuts
     D:2: 106 daAuts
